[Event "87th Spanish Championship 2022"]
[Site "Linares"]
[Date "2022.08.12"]
[Round "2.27"]
[White "Narciso Dublan, Marc"]
[Black "Sanleon Pravisano, Nieves"]
[Result "1-0"]
[ECO "D00"]
[WhiteElo "2461"]
[BlackElo "1986"]
[Annotator "TA"]
[PlyCount "37"]
[EventDate "2022.08.11"]
[EventType "swiss"]
[EventCountry "ESP"]
[SourceTitle "playchess.com"]
[Source "ChessBase"]
[SourceQuality "1"]
[TimeControl "5400+30"]

1. d4 d5 2. Bf4 Nf6 3. e3 e6 4. Nd2 Bd6 5. Ngf3 c5 6. dxc5 {D02: 1 d4 d5 2 Nf3 sidelines, including 2...Nf6 3 g3 and 2...Nf6 3 Bf4.} Bxf4 7. exf4 Qc7 8. g3 {[%emt 0:00:38] White has an edge.} Qxc5 9. Bd3 Nc6 10. c3 Bd7 11. O-O O-O 12. Ne5 {[%emt 0:00:06] [#]} Nxe5 $146 ({Predecessor:} 12... Qb6 13. Qc2 h6 14. Rad1 Rac8 15. Qb1 Rfd8 16. Ndf3 Be8 17. f5 Nxe5 18. Nxe5 Nd7 {0-1 (72) Mahalakshmi,M (2255)-Avalyan,A (2382) Moscow 2020}) 13. fxe5 Ne8 14. Qe2 Nc7 15. Nb3 Qe7 16. Nd4 $40 {[%mdl 128] White attacks.} f5 17. exf6 {[%emt 0:06:37] White is more active.} gxf6 {[%emt 0:02:12][%mdl 8192] [#]} (17... Rxf6 $16 18. f4 (18. Qh5 Rh6 $16) 18... Raf8) 18. Nf5 $1 $18 Qe8 19. Qg4+ {[%emt 0:00:10] Weighted Error Value: White=0.01 (flawless) /Black=0.13 (very precise)} 1-0

[Event "87th Spanish Championship 2022"]
[Site "Linares"]
[Date "2022.08.12"]
[Round "2.28"]
[White "Garcia Ramos, Daniel"]
[Black "Rodriguez Lopez, Rafael"]
[Result "0-1"]
[ECO "E62"]
[WhiteElo "2438"]
[BlackElo "2172"]
[Annotator "TA"]
[PlyCount "103"]
[EventDate "2022.08.11"]
[EventType "swiss"]
[EventCountry "ESP"]
[SourceTitle "playchess.com"]
[Source "ChessBase"]
[SourceQuality "1"]
[TimeControl "5400+30"]

1. c4 Nf6 2. Nf3 g6 3. g3 Bg7 4. Bg2 O-O 5. O-O d6 6. d4 Nc6 7. Nc3 e5 8. d5 Nb8 {[%emt 0:00:06][%cal Bc6b8,Bb8a6,Ba6c5,Bc5b3][%mdl 32] is now debated instead of 8...Ne7.} 9. c5 {[%emt 0:00:07] E62: King's Indian: Fianchetto: 6...c6 and Panno Variation (6...Nc6) without ...a6.} Na6 10. cxd6 cxd6 11. e4 {[%emt 0:05:01] The position is equal.} Bd7 (11... b5 $5) 12. Qe2 Nc5 {[%emt 0:01:20] [#]} 13. Ne1 $146 ({Predecessor:} 13. Nd2 Rb8 14. b4 Na4 15. Nxa4 Bxa4 16. Bb2 Qb6 17. a3 Bb5 18. Nc4 Qa6 19. Rfc1 Rfc8 20. Bf1 Bxc4 21. Rxc4 Rxc4 22. Qxc4 Qxc4 23. Bxc4 Nxe4 {0-1 (43) Lakshmi,C (1989)-Hjartarson,J (2470) Chess.com INT 2022}) 13... a5 14. b3 (14. Nd3 $11) 14... b5 {[%emt 0:06:05] Strongly threatening ...b4.} 15. Nxb5 {[%emt 0:37:23] [#]} (15. Nd3 $11) 15... Nfxe4 $1 $17 16. Be3 (16. Nc2 f5) 16... Qb8 17. a4 Nxb3 18. Ra3 Nbc5 19. Nd3 {[%emt 0:11:17] [#]} (19. Bxe4 $142 Nxe4 20. Ng2) 19... Bxb5 (19... Nxa4 $1 $19 {[%mdl 512] has better winning chances.} 20. Rxa4 (20. Rb1 Nac3) 20... f5) 20. axb5 Qxb5 21. Re1 Nxd3 22. Rxd3 (22. Qxd3 $17 Qxd3 23. Rxd3) 22... Nc5 23. Ra3 {[%emt 0:00:08] [#]} (23. Rc3 $17 Rfb8 24. Qxb5 Rxb5 25. Bxc5 Rxc5 26. Rxc5 dxc5 27. d6) 23... Qb4 $1 $19 24. Ra2 Nb3 {[%emt 0:00:33] Against Rc1} 25. Rb1 Rfb8 26. Qc2 a4 27. Bf1 e4 28. Qc6 (28. Bc4 $17 {was necessary.}) 28... Be5 29. Ba6 a3 30. Bd2 $2 {[%emt 0:03:28] [#]} (30. Kg2) 30... Nd4 $1 31. Rxb4 Nxc6 32. dxc6 Rxb4 33. c7 $2 (33. Bxb4 Rxa6 34. c7) 33... Rb2 34. Rxa3 Rxd2 35. c8=Q+ Rxc8 36. Bxc8 {[%emt 0:00:01][%mdl 4096] Endgame KRB-KRB} Bd4 37. Ra4 Bxf2+ 38. Kf1 d5 39. Bb7 f5 40. Bxd5+ $2 (40. Ra2 Rxa2 41. Bxd5+ Kg7 42. Bxa2) 40... Rxd5 41. Kxf2 {[%emt 0:00:04] KR-KR} Rd2+ 42. Ke3 (42. Kg1 $142 e3 43. Kf1) 42... Rxh2 43. Kf4 Kg7 44. Kg5 h6+ 45. Kf4 Rf2+ 46. Ke5 h5 47. Ra7+ Kh6 48. Kf6 Rb2 {[%emt 0:00:16][%cal Oh5h4] White must now prevent ...h4!} ({Worse is} 48... Rf3 49. Ra8 Kh7 50. Ra7+ Kh6 51. Ra8 $11) 49. Ra6 h4 50. gxh4 Kh5 (50... e3 $142 51. Ra8 Kh5 52. Rh8+ Kg4 53. Rg8 Rb6+ 54. Kg7 e2 55. Re8 Rb2 56. Kh7 Kxh4 57. Kg8 f4 58. Kg7 f3 59. Kf6 Rb6+ 60. Kf7 f2 61. Re4+ Kh5 62. Re5+ g5 63. Re6 f1=Q+ 64. Ke7 e1=Q 65. Rxe1 Qxe1+ 66. Kd8 Rc6 67. Kd7 Qe6+ 68. Kd8 Rc8#) 51. Ke5 Rg2 {[%emt 0:00:29] Threatens to win with ...e3.} 52. Kd4 {Weighted Error Value: White=0.85/Black=0.28 (precise)} 0-1

[Event "87th Spanish Championship 2022"]
[Site "Linares"]
[Date "2022.08.12"]
[Round "2.29"]
[White "Moreno Ruiz, Javier"]
[Black "Fernandez Garcia, Gumersindo"]
[Result "1-0"]
[ECO "B04"]
[WhiteElo "2428"]
[BlackElo "2160"]
[Annotator "TA"]
[PlyCount "75"]
[EventDate "2022.08.11"]
[EventType "swiss"]
[EventCountry "ESP"]
[SourceTitle "playchess.com"]
[Source "ChessBase"]
[SourceQuality "1"]
[TimeControl "5400+30"]

1. e4 Nf6 2. e5 Nd5 3. d4 d6 4. c4 Nb6 5. exd6 cxd6 6. Nc3 g6 7. Nf3 Bg7 8. h3 O-O 9. Be2 Nc6 10. O-O Bf5 11. Bf4 d5 {[%emt 0:14:19] B04: Alekhine's Defence: 4 Nf3.} 12. c5 Nc4 13. b3 {[%emt 0:01:12] [#]} Na3 $146 {[%emt 0:01:42] White is slightly better.} ({Predecessor:} 13... N4a5 14. Rc1 Be4 15. Ne5 Nxe5 16. dxe5 Nc6 17. f3 Bf5 18. Qxd5 Qa5 19. Qc4 Rfd8 {0-1 (37) Sahin,O (2205)-Darban,M (2283) Marmaris 2019}) 14. Rc1 {[%emt 0:03:45] Inhibits Nc2.} a6 15. Qd2 Re8 16. Rfd1 Be4 {[%emt 0:08:08] [#]} 17. Ne5 $1 $36 {[%emt 0:06:13][%mdl 2048] White is really pushing.} f6 $2 (17... Bf5 $16 {was necessary.} 18. Bf3 Be6) 18. Nxc6 $18 bxc6 19. Nxe4 dxe4 20. Qb4 Nb5 {[%emt 0:02:01] [#]} 21. d5 cxd5 {[%emt 0:01:31] [#]} 22. Rxd5 $3 Qc8 (22... Qxd5 $2 23. Bc4 Qxc4 24. Qxc4+ Kh8 25. Rd1) 23. Qxe4 f5 24. Qc4 {[%emt 0:00:57] And now Rd8+ would win.} e6 25. Rd2 Kh8 26. a4 Nc7 27. Bf3 Rb8 28. Bc6 Rd8 {[%emt 0:04:24] Against Bd7} 29. Rd6 a5 30. Rcd1 Rf8 31. Bd7 {[%emt 0:08:30] This bishop pair is nice.} Qb7 32. Rb6 Qa7 33. Bxe6 g5 34. Bd6 Rbd8 35. Bd5 ({Less strong is} 35. Bf7 Na8 $16) 35... Nxd5 36. Bxf8 Nxb6 37. Bxg7+ {[%emt 0:00:11][%mdl 64] Remove Defender} ({And not} 37. Rxd8 Nxc4 38. Bd6+ Bf8 39. bxc4 (39. Rxf8+ Kg7 $15) 39... Qb7 $14) 37... Kxg7 38. Qc3+ {[%emt 0:00:07] Black got outplayed after the opening.  Weighted Error Value: White=0.07 (flawless) /Black=0.61} 1-0

[Event "87th Spanish Championship 2022"]
[Site "Linares"]
[Date "2022.08.12"]
[Round "2.30"]
[White "Garcia Garcia, Samuel"]
[Black "Garza Marco, Sergio"]
[Result "1-0"]
[ECO "A04"]
[WhiteElo "2084"]
[BlackElo "2408"]
[Annotator "TA"]
[PlyCount "121"]
[EventDate "2022.08.11"]
[EventType "swiss"]
[EventCountry "ESP"]
[SourceTitle "playchess.com"]
[Source "ChessBase"]
[SourceQuality "1"]
[TimeControl "5400+30"]

1. Nf3 e6 2. d4 Nf6 3. g3 d5 4. Bg2 Be7 5. O-O O-O 6. c4 c6 7. Nbd2 b6 8. Qc2 Bb7 9. e4 Na6 10. e5 Nd7 11. cxd5 {[%emt 0:00:17] E06: Closed Catalan: Early deviations.} Nb4 12. Qb3 (12. Qd1 $5 Nxd5 13. b3 $11) 12... cxd5 13. a3 {[%emt 0:16:13] The position is equal.} Nc6 14. Rd1 {[%emt 0:00:19] [#]} Rc8 $146 ({Predecessor:} 14... Na5 15. Qe3 Ba6 16. h4 Rc8 17. Bf1 Bxf1 18. Nxf1 b5 19. b3 b4 20. axb4 Bxb4 {½-½ (74) Silva,M (2207)-Ferreira,J (2512) Viseu 2022}) 15. Qd3 a5 16. Nf1 a4 17. Bd2 Na5 18. Ne3 ({White should try} 18. Bxa5 $11 bxa5 19. Ne3) 18... Nb3 $15 19. Rab1 Nb8 $1 {[%emt 0:01:49] Threatens to win with ...Ba6.} 20. Qb5 Bc6 (20... Qe8 $5 21. Bf1 (21. Qxb6 Ba6 $17) 21... Ba6 22. Qxe8 (22. Qxb6 Bd8 $17) 22... Rfxe8 $15) 21. Qd3 Be8 22. Bc3 f6 (22... Qd7 $11) 23. Bh3 (23. exf6 $14 gxf6 24. Bh3) 23... Rc6 (23... f5 $1 $11) 24. exf6 $14 Bxf6 25. Qe2 Bg6 26. Nc2 (26. Qb5 $5 ) 26... Kh8 27. Nb4 Bxb1 28. Rxb1 Rd6 29. Ne5 Qe8 (29... Qe7 $5 ) 30. Re1 Na5 (30... Bxe5 $11 {feels stronger.} 31. Qxe5 Qd8) 31. Qc2 {[%emt 0:04:19] 0x0.001b841cd396dp-1022s more active pieces. The black rooks are badly placed.} ({Better is} 31. Nbd3 $1 $14) 31... Bxe5 $11 32. Rxe5 Nc4 33. Re1 Rf6 34. f4 g6 {[%emt 0:04:24] Against f5} 35. Bf1 {[%emt 0:00:48] aiming for Bxc4.} b5 36. Bg2 Qc8 37. Qe2 Kg8 38. Nd3 Nd7 39. Ne5 Rb6 40. Ng4 Rf8 41. Bb4 Rc6 42. Bh3 Re8 {[%emt 0:00:51] [#]} (42... Qc7 $11) 43. Bg2 (43. f5 $1 $16 ) 43... Nd6 $15 44. Bxd6 Rxd6 45. Qxb5 (45. Qd2 $17 {was worth a try.}) 45... Rb6 $2 {[%emt 0:00:53] [#]} (45... Qc4 $19 46. Qxc4 dxc4) 46. Qxd7 $16 {[%emt 0:00:07][%mdl 576] Remove Defender, Decoy. Black is now going downhill.} Qxd7 47. Nf6+ Kf7 48. Nxd7 Rxb2 49. Nc5 {[%emt 0:00:45][%cal Oc5e6] And now Nxe6! would win.} Ra2 $2 {[%emt 0:01:33] [#]} (49... Rd2 {might work better.} 50. Nxa4 Rxd4) 50. Nxe6 $1 $18 Kf6 (50... Re7 51. Bxd5) 51. Bxd5 Rxa3 52. g4 {[%emt 0:00:08] Strongly threatening g5+.} Rb8 53. Ng5 Rb2 (53... Rb6 $18 54. Ne4+ Ke7 55. Nd2+ Kd6) 54. Nxh7+ (54. Re6+ $142 Kg7 55. Re7+ Kf8 56. Rf7+ Kg8 57. Rd7+ Kf8 58. Nxh7+ Ke8 59. Nf6+ Kf8 60. Rf7#) 54... Kg7 55. Ng5 {[%emt 0:00:43] Intending Re7+ and mate.} Rd3 56. h4 $2 (56. Re7+ {mates} Kf8 57. Rf7+ Kg8 58. Rd7+ Kf8 59. Nh7+ Ke8 60. Nf6+ Kf8 61. Rf7#) 56... Rg3+ 57. Kf1 {[%emt 0:00:23] White wants to mate with Re7+.} Rxg4 $2 (57... Rc3 $18 58. f5 gxf5 59. gxf5 Rcc2 60. Re7+ Kf8) 58. Re7+ {[%emt 0:00:40] White mates.} Kf8 59. Rf7+ Ke8 60. Bc6+ Kd8 61. Ne6+ {[%emt 0:00:53] Weighted Error Value: White=0.47/Black=0.74} 1-0

[Event "87th Spanish Championship 2022"]
[Site "Linares"]
[Date "2022.08.12"]
[Round "2.31"]
[White "Lobo Pereira, Arami"]
[Black "Medarde Santiago, Luis Marcos"]
[Result "0-1"]
[ECO "E71"]
[WhiteElo "1910"]
[BlackElo "2330"]
[Annotator "TA"]
[PlyCount "136"]
[EventDate "2022.08.11"]
[EventType "swiss"]
[EventCountry "ESP"]
[SourceTitle "playchess.com"]
[Source "ChessBase"]
[SourceQuality "1"]
[TimeControl "5400+30"]

1. d4 Nf6 2. c4 g6 3. Nc3 Bg7 4. e4 d6 5. h3 O-O 6. Be3 e5 7. d5 Na6 8. g4 {[%emt 0:00:59] E71: King's Indian: 4 e4 d6 5 h3.} Nc5 9. f3 a5 10. Nge2 {[%emt 0:00:47] White is slightly better.} c6 11. Qd2 cxd5 12. cxd5 Bd7 13. Ng3 h5 14. gxh5 Nxh5 15. Nxh5 Qh4+ 16. Qf2 Qxh5 17. Be2 {[%emt 0:17:53] [#]} (17. Bxc5 $14 dxc5 18. O-O-O) 17... f5 $146 ({Predecessor:} 17... Bf6 18. O-O-O Qh4 19. Qg2 Kh7 20. Kb1 Rfb8 21. Bb5 Bc8 22. Bxc5 dxc5 23. d6 Be6 {1-0 (33) Papp,P (2336)-Ocelak,J (2210) Chess.com INT 2021}) 18. O-O-O (18. Qg2 $11) 18... Na4 (18... Rac8 $17 {...b5 is the strong threat.} 19. Qg2 f4 20. Bxc5 Rxc5) 19. Nxa4 (19. f4 $2 Qh7 20. exf5 Nxc3 21. bxc3 Bxf5 $19) 19... Bxa4 20. b3 Bd7 21. Qg2 f4 22. Bb6 {[%emt 0:01:40] aiming for a4.} Bf6 (22... a4 $11) 23. Kb2 (23. a4 $1 $16) 23... Rfc8 (23... a4 $1 $14) 24. Rdg1 (24. a4 $1 $16) 24... Kf7 (24... a4 $1 $14) 25. Qf1 (25. a4 $1 $16) 25... Bd8 $2 (25... a4 $11 {and Black stays safe.}) 26. Qf2 $2 (26. Bxd8 $18 Rxd8 27. h4) 26... Bh4 $11 27. Qf1 Qh8 (27... a4 $11) 28. a3 (28. Qg2 $16 Bg3 29. a4) 28... Bd8 (28... a4 $5 ) 29. Bf2 {[%emt 0:01:07] And now Bb5 would win.} Bh4 {[%emt 0:02:34] [#]} (29... Qe8 $11) 30. Bb6 (30. Qg2 Bxf2 31. Qxf2 Rc5 $14) ({Better is} 30. a4 $1 $16) 30... Qf6 (30... Bd8 $11 {remains equal.} 31. Bxd8 Qxd8) 31. Bb5 $16 Qe7 32. Qd3 (32. a4 $16) 32... Bxb5 $11 33. Qxb5 Qe8 $132 {[%emt 0:01:13][%mdl 2048] Black is not holding back} 34. Qxe8+ (34. a4 {is more complex.} Ra6 35. Bd4 Rb8 36. Rg4) 34... Rxe8 35. Rc1 {[%emt 0:00:25] Strongly threatening Rc7+.} Ra6 36. Bg1 Raa8 37. Bb6 {[%emt 0:00:16] Black must now prevent Rc7+.} Ra6 38. Bg1 Bd8 39. Bf2 {[%emt 0:01:37] With the idea Rc8.} Ra8 {[%emt 0:00:19] Against Rc8} 40. Rc2 Rh8 41. a4 Ke8 42. Rg1 Rh6 43. Rh1 Kd7 44. Rcc1 Bc7 45. Rh2 Rah8 46. Rch1 Bd8 47. Kc2 Bf6 (47... Bh4 $5 48. Bb6 Bg3 $11) 48. Kd2 Rb8 49. Ba7 Ra8 50. Bb6 Ra6 51. Bf2 Bd8 52. Rg2 Ra8 53. Kc3 Rc8+ 54. Kd3 Bc7 (54... g5 $11) 55. Kd2 (55. h4 $1 $14) 55... Rch8 56. Ke2 Ke8 57. Rgh2 Kd7 58. Rg2 Bd8 59. Rgh2 Bh4 {[%emt 0:00:36] next ...Bxf2 is good for Black.} 60. Bxh4 (60. Bb6 $1 $11) 60... Rxh4 {[%emt 0:00:01][%mdl 4096] Endgame KRR-KRR} 61. Kf2 (61. Kd3 $17) 61... Rc8 $19 62. Rb1 {[%emt 0:00:40] [#]} Rh5 $1 63. Rb2 (63. b4 $142) 63... Rc3 64. h4 g5 65. b4 axb4 ({And not} 65... gxh4 66. bxa5 Kd8 67. Rg2 $11 (67. Rxb7 $2 Rc2+ 68. Kf1 Rxh2 $19)) (65... Rxh4 66. Rxh4 gxh4 67. bxa5 $11) 66. Rxb4 Kc7 ({Not} 66... Rxh4 67. Rxb7+ Kd8 68. Rxh4 gxh4 69. Rh7 $11) 67. Kg2 (67. Rg2 {is a better defense.}) 67... gxh4 $2 ({Don't blunder} 67... Rxh4 $2 68. Rxh4 gxh4 69. Rb2 $19) (67... Rc2+ $19 68. Kg1 Rxh2 69. Kxh2 Rxh4+ 70. Kg1 g4) 68. Kf2 $2 (68. Kh3 $17 Rh7 69. Kg4) 68... Rc2+ {[%emt 0:00:04] Weighted Error Value: White=0.30/Black=0.32} 0-1

[Event "87th Spanish Championship 2022"]
[Site "Linares"]
[Date "2022.08.12"]
[Round "2.32"]
[White "Fernandez Garcia, Jose Luis"]
[Black "Gomez Carreno, Martin"]
[Result "1/2-1/2"]
[ECO "C77"]
[WhiteElo "2362"]
[BlackElo "2155"]
[Annotator "TA"]
[PlyCount "141"]
[EventDate "2022.08.11"]
[EventType "swiss"]
[EventCountry "ESP"]
[SourceTitle "playchess.com"]
[Source "ChessBase"]
[SourceQuality "1"]
[TimeControl "5400+30"]

1. e4 e5 2. Nf3 Nc6 3. Bb5 a6 4. Ba4 Nf6 5. d4 exd4 6. O-O Be7 7. e5 Ne4 8. Nxd4 Nxd4 9. Qxd4 Nc5 10. Nc3 O-O 11. Rd1 {[%emt 0:00:03] Recently 11.Bb3 got a lot of attention.} d6 {[%emt 0:06:05] C84: Closed Ruy Lopez: Unusual White 6th moves.} 12. Be3 Nxa4 13. Qxa4 Be6 {[%emt 0:05:55] The position is equal.} 14. exd6 Bxd6 15. Bf4 {[%emt 0:00:08] [#]} Qe7 $146 ({Predecessor:} 15... b5 16. Qe4 Re8 17. Bxd6 cxd6 18. Qf4 Qa5 19. a3 Rac8 20. Rxd6 Bc4 21. Rad1 b4 22. axb4 Qxb4 {1-0 (38) Wittmann,W (2415)-Stoica,V (2450) Luzern 1982}) 16. Bxd6 cxd6 17. Qb4 Rad8 18. Rd4 Qc7 19. Rad1 d5 20. R4d3 Rc8 21. Qd4 Qc5 22. R1d2 Qxd4 (22... Rfd8 $14) 23. Rxd4 $16 Rfd8 24. Nd1 Kf8 25. Ne3 Ke7 26. f4 {[%emt 0:00:16] aiming for f5.} g6 {[%emt 0:03:18] Inhibits f5.} 27. g4 {[%emt 0:00:55] f5 is the strong threat.} f5 28. gxf5 gxf5 29. c3 Rg8+ 30. Kf2 Rg6 31. Nxd5+ Kf7 32. Ne3 Rcg8 33. Rd8 (33. Kf1 $16) 33... Rh6 (33... Rxd8 $14 34. Rxd8 Rh6) 34. Rxg8 {[%emt 0:04:50] White is more active.} Kxg8 {[%emt 0:00:09][%mdl 4096] Endgame KRB-KRN} 35. Kg3 Rg6+ 36. Kf3 (36. Kh4 $142 $1) 36... Kf7 37. Rd6 Rh6 38. Kg3 {[%emt 0:00:46] Prevents Rh3+.} Rg6+ 39. Kf2 Rh6 40. Kg2 (40. Nf1 $16) 40... Rg6+ $1 $11 41. Kf1 Rh6 42. Rb6 Rxh2 43. Rxb7+ Kf6 44. Rb6 h5 45. Kg1 Rd2 (45... Re2 $11 46. Ng2 Kf7) 46. Ng2 ({Much less strong is} 46. Rxa6 Rxb2 47. Nd5+ Kf7 $14) ({White should try} 46. Nc4 $1 $16 Rd1+ 47. Kf2) 46... Ke7 47. Nh4 Kd7 {[%emt 0:00:49] White leaves nothing to chance now.} (47... Bxa2 $14 48. Nxf5+ Kd7) 48. a4 ({Resist} 48. Rxa6 Rxb2 49. a4 Rc2 $14) 48... Rd6 $2 {[%emt 0:01:08][%mdl 8192] [#]} (48... Re2 $16 {is a better chance.}) 49. Rxd6+ $1 $18 Kxd6 {[%emt 0:00:00] [#] KB-KN} 50. Nf3 $1 Kd5 (50... Bf7 $142 51. Kf2 Bc4) 51. Nd2 Bd7 52. b3 Be8 53. Kg2 Ke6 54. Kg3 Kf6 55. Kh4 Bf7 56. Nc4 {[%emt 0:00:33] Black must now prevent a5.} Be8 57. Nd6 Bc6 58. Nc4 $2 ({Weaker is} 58. Kxh5 Bf3+ 59. Kh4 Bd1 $18) (58. a5 $18 Bf3 59. Ne8+ Ke7 60. Ng7) 58... Bf3 (58... Be8 $11 59. Ne5 Ke6) 59. b4 Be2 60. Ne3 Bd3 61. c4 {[%emt 0:00:50][%cal Bc3c4,Bc4b5,Bb5b6][%mdl 32] White threatens b5 and mate.} Be2 62. b5 {[%emt 0:00:20] White mates.} axb5 63. cxb5 Ke6 64. b6 Kd7 65. Nxf5 Ba6 66. Nd4 Kd6 67. a5 Kd5 {[%emt 0:00:40] [#]} 68. f5 $1 Ke5 {[%emt 0:00:48] [#]} 69. Kg5 $1 h4 {[%emt 0:00:31] [#]} (69... Kxd4 70. f6) 70. Kxh4 $1 Bb7 {[%emt 0:00:25] [#]} 71. Kg5 $1 {[%emt 0:00:08][%mdl 32768] Weighted Error Value: White=0.24 (precise) /Black=0.39. An unexpected result.} 1/2-1/2

[Event "87th Spanish Championship 2022"]
[Site "Linares"]
[Date "2022.08.12"]
[Round "2.33"]
[White "Vehi Bach, Victor Manuel"]
[Black "Yuste Valenzuela, Alejandro"]
[Result "1-0"]
[ECO "B27"]
[WhiteElo "2290"]
[BlackElo "2022"]
[Annotator "TA"]
[PlyCount "90"]
[EventDate "2022.08.11"]
[EventType "swiss"]
[EventCountry "ESP"]
[SourceTitle "playchess.com"]
[Source "ChessBase"]
[SourceQuality "1"]
[TimeControl "5400+30"]

1. e4 c5 2. Nf3 g6 3. d4 Bg7 4. dxc5 Qa5+ 5. c3 Qxc5 6. Na3 {[%emt 0:00:22] B27: Sicilian: 2 Nf3, unusual Black 2nd moves.} b6 (6... d6 $14 {is more appropriate.}) 7. Bc4 {[%emt 0:25:40] [#]} Ba6 $146 ({Predecessor:} 7... Bb7 8. O-O Nf6 9. e5 Ne4 10. Be3 Qc8 11. Bd5 O-O 12. Re1 Nc5 13. Bg5 Nc6 {0-1 (64) Lupor,S (2234)-Nordsieck,T (2291) Germany 2016}) 8. Bxa6 {White is better.} Nxa6 9. O-O Qc6 10. Re1 Nc5 11. Nd4 Qb7 12. e5 h5 13. Nc4 Nh6 14. Bg5 {[%emt 0:02:03] White stays focused until the end.} Ne6 15. Nxe6 {[%emt 0:04:40] White is much more active. The black rooks are badly placed.} dxe6 16. Qa4+ b5 {[%emt 0:16:12] [#]} 17. Qb4 {[%emt 0:00:08] Threatens to win with Na5.} Nf5 (17... O-O $16 {might work better.}) 18. a4 $18 O-O 19. axb5 (19. Qxb5 Qc8 20. Qb3 Rb8 $16) 19... Rfb8 {[%emt 0:01:51] [#]} 20. Ra5 $1 f6 (20... Rd8 $142 21. Qa4 Rd5) 21. Bf4 {[%emt 0:00:53][%cal Bg5f4,Bf4d6,Bd6e7][%mdl 32] Black must now prevent exf6.} Rd8 22. exf6 exf6 (22... Bxf6 $142 23. Raa1 g5) 23. Nd6 Nxd6 24. Bxd6 Qd5 25. Be7 Rd7 26. c4 Qb7 27. Bd6 ({Worse is} 27. Rxe6 Rd1+ 28. Re1 Rxe1+ 29. Qxe1 Re8 $17) 27... Rad8 28. c5 {[%emt 0:00:23] Strongly threatening c6.} Qd5 29. h3 f5 30. Ra4 Rc8 $2 (30... Bf6 31. Rc1 g5) 31. Qa3 Qd2 32. Qe3 Qxe3 33. Rxe3 (33. fxe3 Bf8 34. Bxf8 Kxf8 $18) 33... Bf8 34. Bxf8 ({Weaker is} 34. Rxe6 Kf7 35. Re3 Bxd6 36. cxd6 Rb8 $16) 34... Kxf8 {[%emt 0:00:04][%mdl 4096] Endgame KRR-KRR} 35. b4 Ke7 $2 (35... Rb8 36. Rxe6 Kf7) 36. Ra6 {[%emt 0:00:12] White is clearly winning.} Rb8 37. Rexe6+ Kf7 38. Rf6+ Kg7 39. Rxg6+ Kf7 40. Raf6+ Ke7 41. b6 axb6 42. Rxb6 Rxb6 43. Rxb6 Rd3 44. Rb7+ Ke6 45. c6 Kd5 {Weighted Error Value: White=0.23 (precise) /Black=0.53} 1-0